 Dungeon Crawl Stone Soup version 0.27-a0-1191-g601b473118 (webtiles) character file.

Game seed: 16224525434440347087

16 Sobieck the Poker (level 2, -2/24 HPs)
             Began as a Merfolk Monk on May 23, 2021.
             Slain by a jelly (3 damage)
             ... on level 3 of the Dungeon.
             The game lasted 00:01:39 (579 turns).

Sobieck the Poker (Merfolk Monk)                     Turns: 579, Time: 00:01:40

Health: -2/24      AC:  2    Str: 11    XL:     2   Next: 58%
Magic:  2/2        EV: 14    Int:  9    God:
Gold:   28         SH:  0    Dex: 16    Spells: 1/1 levels left

rFire    . . .     SeeInvis .   a - +0 spear {polearm}
rCold    + . .     Faith    .   (no shield)
rNeg     . . .     Spirit   .   b - +0 robe
rPois    .         Reflect  .   (no helmet)
rElec    .         Harm     .   (no cloak)
rCorr    .         Rampage  .   (no gloves)
Will     .....                  (no boots)
Stlth    ++........             (no amulet)
HPRegen  0.08/turn              h - ring of protection from cold
MPRegen  0.08/turn              (no ring)

@: no status effects
A: (nimble swimmer 2), mertail
a: no special abilities


You were on level 3 of the Dungeon.
You visited 1 branch of the dungeon, and saw 4 of its levels.

You collected 28 gold pieces.


Innate Abilities, Weirdness & Mutations

((You are quick and stealthy near water. (Stealth+, EV+, Speed+++)))
Your lower body shifts to a powerful aquatic tail in water.


   Skills:
 - Level 3.2 Fighting
 * Level 5.3 Polearms
 + Level 4.4 Dodging
 - Level 2.1 Stealth


You had one spell level left.
You didn't know any spells.
Your spell library was empty.

Inventory:

Hand Weapons
 a - a +0 spear (weapon) {polearm}
Missiles
 c - 13 bolts
 e - 19 arrows
 f - 7 silver boomerangs (quivered) {throwing}
Armour
 b - a +0 robe (worn)
 g - a +0 scale mail
   (You found it on level 3 of the Dungeon)
Jewellery
 h - a ring of protection from cold (left hand)
   (You found it on level 3 of the Dungeon)
Scrolls
 d - 2 scrolls of identify {unknown}

Dungeon Overview and Level Annotations

Branches:
Dungeon (4/15)
 Temple: D:4-7

Altars:

Annotations:
D:4 Grinder

#.######.#.#### #.
#.......###...####.
####..###.## ##.......
##.....# ##.###........
......# ##.#....#.##.
#.#...# ##.#........
#.##..######.#...#.#..
#####........##.#†.....#..
#.......J@.....###...###..
#.##########....#.........
###............
#.......#.####.
#[......#.# #. #.......#.#
#. #.#...#.#.# #.
#.#...#.#.####.
#.##...........


You could see a jelly.


Message History

MASSIVE DAMAGE!! (PAUSE)
You hit the adder. The adder bites you.
* * * LOW HITPOINT WARNING * * *
You are poisoned.
The adder poisons you! 😨 HP[-3]
You take 3 damage, and now have 9/18 hp.
Unknown command.
You barely miss the adder.
You feel sick.
The adder bites you but does no damage. 😨 HP[-1]
You take 1 damage, and now have 8/18 hp.
Unknown command.
You hit the adder.
You kill the adder!
You feel sick.
Your Polearms skill increases to level 5!
You have reached level 2! 😨 HP[+2] MP[+1]
You now have 24 max hp (+6).
You regained 2 hp, and now have 10/24 hp.
Your mp is fully restored (2).
You feel sick. 😨 HP[-1]
You take 1 damage, and now have 9/24 hp.
You feel sick.
You are no longer poisoned. 😨 HP[-1]
You take 1 damage, and now have 8/24 hp.
You start resting.
A frilled lizard comes into view. 😨 HP[+4]
You regained 4 hp, and now have 12/24 hp.
You start resting.
A frilled lizard is nearby! 😮 HP[+1]
You are too injured to fight recklessly!
Reach: a) +0 spear {polearm}
Press: ? - help, Dir - move target, f - frilled lizard
Aim: a frilled lizard (wandering, hasn't noticed you, about 50% to evade your +0 spear)
You reach to attack!
You hit the frilled lizard.
You kill the frilled lizard!
You see here a frilled lizard corpse.
You start resting.
You start resting. 😎 HP[+11]
Your hp is fully restored (24).
There is a stone staircase leading down here.
h - a ring of protection from cold
h - a ring of protection from cold (left hand)
There is a stone staircase leading down here.
There is a stone staircase leading down here.
You climb downwards.
There is a stone staircase leading up here.
An endoplasm comes into view.
The endoplasm quivers.
You hit the endoplasm but do no damage. The endoplasm misses you.
You hit the endoplasm but do no damage. The endoplasm freezes you.
You are frozen.
You resist. 😕 HP[-1]
You take 1 damage, and now have 23/24 hp.
You barely miss the endoplasm. The endoplasm freezes you.
You are frozen.
You resist. 😕 HP[-1]
You take 1 damage, and now have 22/24 hp.
You hit the endoplasm. The endoplasm hits you. 😕 HP[-1]
You take 1 damage, and now have 21/24 hp.
You hit the endoplasm.
You kill the endoplasm!
No target in view!
A jelly comes into view.
The jelly quivers.
Grinder comes into view.
You see here a scroll labelled YFRAXA UZOESUWN.
d - 2 scrolls labelled YFRAXA UZOESUWN (gained 1) Grinder blinks! 😕 HP[+1]
There is a stone staircase leading up here.
You reach to attack!
You hit the jelly but do no damage. You hit the jelly.
Your hands burn!
The jelly closely misses you. 😮 HP[-4]
You take 4 damage, and now have 18/24 hp.
The jelly hits you.
You are splashed with acid!
* * * LOW HITPOINT WARNING * * *
You climb upwards.
There is a stone staircase leading down here. 😨 HP[-11]
You take 11 damage, and now have 7/24 hp.
MASSIVE DAMAGE!! (PAUSE)
You hit the jelly.
Your hands burn!
* * * LOW HITPOINT WARNING * * *
😱 HP[-1]
You take 1 damage, and now have 6/24 hp.
You hit the jelly.
Your hands burn!
* * * LOW HITPOINT WARNING * * *
The jelly hits you.
You die...

Skill      XL: |  1 |
---------------+----+-----
Polearms       | 5 |  5.3
Fighting       | |  3.2
Dodging        | |  4.4
Stealth        | |  2.1

Action                   || total
-------------------------++-------
Melee: Spear             ||    26
Armor: Robe              ||     3
Dodge: Dodged            ||     8

Levels and vault maps discovered:
D:1:      lightli_arrival_quake, layout_basic, basic_ecumenical_altar
D:2:      kennysheep_big_flooded_room, layout_basic
D:3:      layout_loops_ring
D:4:      layout_loops_ring, serial_bayou_pond_b, uniq_grinder

Notes
Turn   | Place    | Note
-------+----------+-------------------------------------------
     0 | D:1      | Sobieck the Merfolk Monk began the quest for the Orb.
     0 | D:1      | Reached XP level 1. HP: 18/18 MP: 1/1
     0 | D:1      | magus.rc [v1.9.6]
   327 | D:3      | Reached skill level 5 in Polearms
   327 | D:3      | Reached XP level 2. HP: 10/24 MP: 2/2
   561 | D:4      | Noticed Grinder
   576 | D:4      | HP: 6/24 [acid (10)]
   579 | D:3      | HP: 1/24 [acid (5)]
   579 | D:3      | Slain by a jelly

Vanquished Creatures
  An adder (D:3)
  A ball python (D:1)
  A bat (D:3)
  An endoplasm (D:4)
  A hobgoblin (D:1)
  2 frilled lizards
7 creatures vanquished.

Table legend:
 A = Non-vault XP
 B = Vault XP
 C = Vault XP percentage of total XP
 D = Non-vault monster count
 E = Vault monster count
 F = Vault count percentage of total count
                 A         B        C        D         E       F
            +---------+---------+-------+---------+---------+-------
      Total |      24 |       0 |   0.0 |       7 |       0 |   0.0
            +---------+---------+-------+---------+---------+-------
        D:1 |       5 |       0 |   0.0 |       3 |       0 |   0.0
        D:3 |      17 |       0 |   0.0 |       3 |       0 |   0.0
        D:4 |       2 |       0 |   0.0 |       1 |       0 |   0.0
            +---------+---------+-------+---------+---------+-------

Illustrated notes

Table legend:
 A = Kills in this place as a percentage of kills in entire the game.
 B = Kills by you in this place as a percentage of kills by you in the entire game.
 C = Kills by friends in this place as a percentage of kills by friends in the entire game.
 D = Other kills in this place as a percentage of other kills in the entire game.
 E = Experience gained in this place as a percentage of experience gained in the entire game.
 F = Experience gained in this place divided by the number of levels of this place that you have seen.
                   A       B       C       D       E      F
               +-------+-------+-------+-------+-------+----------------------
         Total | 100.0 | 100.0 |   N/A |   N/A | 100.0 |   6.0
       Dungeon | 100.0 | 100.0 |   N/A |   N/A | 100.0 |   6.0
               +-------+-------+-------+-------+-------+----------------------

Table legend: (Time is in decaauts)
 A = Elapsed time spent in this place.
 B = Non-inter-level travel time spent in this place.
 C = Inter-level travel time spent in this place.
 D = Time resting spent in this place.
 E = Time spent auto-exploring this place.
 F = Levels seen in this place.
 G = Mean time per level.
                   A        B        C        D        E       F      G
               +--------+--------+--------+--------+--------+-----+--------+
         Total |    575 |    544 |     31 |    192 |    248 |   4 |  143.8 |
       Dungeon |    575 |    544 |     31 |    192 |    248 |   4 |  143.8 |
               +--------+--------+--------+--------+--------+-----+--------+

Top non-repeatable levels by time:
     D:3: 319 daAuts
     D:1: 206 daAuts
     D:4: 29 daAuts
     D:2: 20 daAuts
